 Dungeon Crawl Stone Soup version 0.29-a0-994-gc5c9f59d18 (webtiles) character file.

Game seed: 14146155874610153185

1264 Newt the Skirmisher (level 8, -1/48 HPs)
             Began as a Kobold Hunter on Aug 3, 2022.
             Was a Priest of Okawaru.
             Slain by a guardian serpent (4 damage)
             ... on level 6 of the Dungeon.
             The game lasted 00:11:37 (5295 turns).

Newt the Skirmisher (Kobold Hunter)                 Turns: 5295, Time: 00:11:39

Health: -1/48      AC:  9    Str: 11    XL:     8   Next: 82%
Magic:  8/8        EV: 16    Int: 10    God:    Okawaru [***...]
Gold:   452        SH:  5    Dex: 18    Spells: 7/7 levels left

rFire   . . .      SeeInvis .   a - +1 shortbow
rCold   . . .      Faith    .   (shield currently unavailable)
rNeg    . . .      Spirit   .   c - +0 leather armour
rPois   .          Reflect  +   (no helmet)
rElec   .          Harm     .   (no cloak)
rCorr   .          Rampage  .   o - +1 pair of gloves
Will    +....      Rage     3%  (no boots)
Stlth   ++++......              s - amulet of reflection
HPRegen 0.16/turn               d - ring of willpower
MPRegen 0.11/turn               g - +4 ring of protection

@: lethally poisoned (-1 -> -5), flying, slowed, very slow
A: small, no large weapons, nightstalker 3, camouflage 1, berserk 1
a: Renounce Religion, Heroism


You were on level 6 of the Dungeon.
You worshipped Okawaru.
Okawaru was most pleased with you.
You visited 1 branch of the dungeon, and saw 7 of its levels.

You collected 452 gold pieces.

Inventory:

Hand Weapons
 a - a +1 shortbow (weapon)
Armour
 c - a +0 leather armour (worn)
 o - a +1 pair of gloves (worn)
 p - a scarf of shadows
Jewellery
 d - a ring of willpower (left hand)
 e - a ring of willpower
 g - a +4 ring of protection (right hand)
 m - a ring of willpower
 s - an amulet of reflection (around neck)
Wands
 n - a wand of iceblast (23)
 q - a wand of polymorph (3)
 t - a wand of flame (12)
Scrolls
 b - a scroll of immolation
 h - 4 scrolls of amnesia
 r - a scroll of identify
Potions
 f - a potion of attraction
 i - a potion of flight


   Skills:
 + Level 4.2 Fighting
 + Level 11.8 Ranged Weapons
 + Level 2.0 Armour
 + Level 4.2 Dodging
 + Level 2.7 Stealth
 + Level 0.2 Shields
 + Level 0.4 Evocations


You had 7 spell levels left.
You didn't know any spells.
Your spell library contained the following spells:

 Spells                   Type           Power      Damage    Failure   Level
 Apportation              Tloc           0%         N/A       45%         1
 Necrotise                Necr           0%         1d4       45%         1
 Sublimation of Blood     Necr           0%         N/A       58%         2
 Alistair's Intoxication  Tmut/Pois      0%         N/A       100%        5
 Maxwell's Capacitive Co  Air            0%         ∞         100%        8
 Necromutation            Tmut/Necr      0%         N/A       100%        8


Dungeon Overview and Level Annotations

Branches:
Dungeon (7/15)             Temple (0/1) D:4

Altars:
Ashenzari
Okawaru
Trog


Innate Abilities, Weirdness & Mutations

You are small and have problems with some larger weapons.
You are completely attuned to the shadows.
Your skin changes colour to match your surroundings (Stealth+).
You sometimes lose your temper in combat.


Message History

The boggart casts a spell.
The scorpion misses you. The scorpion attacks as you move away!
The scorpion barely misses you.
The boggart hits you but does no damage.
The boggart casts a spell.
You block the scorpion's attack. The gnoll attacks as you move away!
The gnoll hits you with a +0 whip. The scorpion attacks as you move away!
The scorpion misses you. The boggart attacks as you move away!
The boggart hits you with a +2 flail of protection!
The boggart closely misses you.
The guardian serpent casts a spell at you.
The bolt of poison misses you. The gnoll closely misses you.
The boggart hits you with a +2 flail of protection.
You block the gnoll's attack.
The gnoll hits you from afar with a +0 spear.
The boggart closely misses you. The gnoll hits you with a +0 halberd.
The scorpion stings you.
* * * LOW HITPOINT WARNING * * *
You are poisoned.
The scorpion poisons you! The boggart misses you.
You feel very sick. The scorpion closely misses you.
The gnoll hits you with a +0 halberd.
* * * LOW HITPOINT WARNING * * *
The scorpion stings you.
* * * LOW HITPOINT WARNING * * *
The gnoll misses you.
It was a potion of flight.
You feel very buoyant.
You fly up into the air.
You feel sick.
The boggart casts a spell.
The boggart flickers and vanishes!
Deactivating autopickup; reactivate with Ctrl-A.
The guardian serpent casts a spell at you.
You feel as though you will be slow longer.
The scorpion stings you.
* * * LOW HITPOINT WARNING * * *
Something barely misses you. The gnoll misses you.
The guardian serpent hits you.
You die...

#.####.<#....######
#.##..............#
#.##.#.......####.####
#.......####.#.......#
#............#.......#
######.#########..#.#..# ..
.....#.#########..#.#..# #..
####.#.##.........#.#..# #..
####.#.##.......@g#[#..########..
#......##..###.S{sgg>..##........
#....####..# #..So#.##...........
#....# #..###..#g.....##........
.....# #.......###.###########..
####.# #.......##.#...# #.. #.#
###########.##.# #.. #.# ####.#
#.. ###.#### #.# #..


You could see a guardian serpent, a water moccasin (summoned), a scorpion, an
orc wizard and 4 gnolls.

Vanquished Creatures
  A water moccasin (D:6)
  An orc warrior (D:6)
  A sky beast (D:6)
  An ogre (D:6)
  2 centaurs
  2 bullfrogs (D:6)
  A necrophage (D:6)
  2 howler monkeys
  4 hounds
  4 iguanas
  5 gnolls
  8 adders
  A shadow imp (D:6)
  3 white imps
  A worm (D:3)
  2 dart slugs
  11 orcs
  5 bats
  9 endoplasms
  5 giant cockroaches
  6 hobgoblins
  3 jackals (D:4)
  4 quokkas
  2 ball pythons
  3 frilled lizards
  4 goblins
  4 kobolds
  7 rats
102 creatures vanquished.

Vanquished Creatures (others)
  4 toadstools (D:1)
4 creatures vanquished.

Grand Total: 106 creatures vanquished

Notes
Turn   | Place    | Note
-------+----------+-------------------------------------------
     0 | D:1      | Newt the Kobold Hunter began the quest for the Orb.
     0 | D:1      | Reached XP level 1. HP: 12/12 MP: 1/1
   295 | D:1      | Reached skill level 6 in Ranged Weapons
   295 | D:1      | Reached XP level 2. HP: 7/18 MP: 2/2
   538 | D:1      | Reached XP level 3. HP: 22/22 MP: 3/3
   753 | D:1      | Got the Secrets of the Nimbus and the Mortuary
  1395 | D:2      | Reached XP level 4. HP: 27/27 MP: 4/4
  1421 | D:2      | Reached skill level 7 in Ranged Weapons
  1749 | D:2      | Found a faded altar of an unknown god.
  1754 | D:2      | Prayed at the altar of an unknown god.
  1754 | D:2      | Became a worshipper of Warmaster Okawaru
  1754 | D:2      | Reached * piety under Okawaru
  1949 | D:3      | Reached XP level 5. HP: 31/31 MP: 5/5
  2046 | D:3      | Gained mutation: You sometimes lose your temper in combat.
                  | [potion of mutation]
  2046 | D:3      | Gained mutation: Your skin changes colour to match your
                  | surroundings (Stealth+). [potion of mutation]
  2221 | D:3      | Found a broken altar of Ashenzari.
  2375 | D:3      | Found a bloodstained altar of Trog.
  2453 | D:4      | Found a staircase to the Ecumenical Temple.
  2931 | D:4      | Reached skill level 8 in Ranged Weapons
  2941 | D:4      | Reached XP level 6. HP: 34/36 MP: 6/6
  3106 | D:5      | Entered Level 5 of the Dungeon
  3114 | D:5      | Reached skill level 1 in Armour
  3312 | D:5      | Reached ** piety under Okawaru
  3319 | D:5      | Reached skill level 9 in Ranged Weapons
  3319 | D:5      | Reached XP level 7. HP: 40/41 MP: 7/7
  3767 | D:6      | Reached skill level 10 in Ranged Weapons
  3983 | D:6      | Noticed a yak
  3986 | D:6      | Noticed a yak
  3990 | D:6      | Noticed a guardian serpent
  3990 | D:6      | a yak changed into a guardian serpent
  4061 | D:6      | Noticed a water moccasin
  4063 | D:6      | Reached XP level 8. HP: 48/48 MP: 8/8
  4345 | D:6      | Reached skill level 11 in Ranged Weapons
  4616 | D:6      | Reached *** piety under Okawaru
  5295 | D:6      | Slain by a guardian serpent

Illustrated notes

Levels and vault maps discovered:
D:1:      ldierk_walled_garden_2, layout_loops_corners, st_stairs_3
D:2:      layout_rooms, shapermc_ecumenical_altar_pompeii
D:3:      layout_rooms, bloody_trog, mainiacjoe_overflow_boulevard
D:4:      layout_rooms, temple_green, kennysheep_generic_room_5
D:5:      layout_rooms
D:6:      minmay_thinvault, layout_loops_cross, old_standard_altar
D:7:      layout_cave_pools, nicolae_sif_muna_little_library, marbit_many_paths,
          xom_confusion_cloud

Skill      XL: |  1  2  3  4  5  6  7  8 |
---------------+-------------------------+-----
Ranged Weapons | 6 7 8 9 10 11 | 11.8
Dodging        | 3 4 |  4.2
Fighting       | 3 4 |  4.2
Armour         | 1 2 |  2.0
Stealth        | 2 |  2.7
Shields        | |  0.2
Evocations     | |  0.4

Action                   |  1- 3 |  4- 6 |  7- 9 || total
-------------------------+-------+-------+-------++-------
 Fire: Shortbow          |    79 |   159 |   146 ||   384
Evoke: Wand              |       |       |     6 ||     6
  Use: Scroll            |     3 |     7 |     4 ||    14
       Potion            |       |     1 |     3 ||     4
Armor: Leather armour    |    15 |    35 |    38 ||    88
Dodge: Dodged            |    40 |   106 |   107 ||   253
Block: Other             |       |       |    17 ||    17

Table legend: (Time is in decaauts)
 A = Elapsed time spent in this place.
 B = Non-inter-level travel time spent in this place.
 C = Inter-level travel time spent in this place.
 D = Time resting spent in this place.
 E = Time spent auto-exploring this place.
 F = Levels seen in this place.
 G = Mean time per level.
                   A        B        C        D        E       F      G
               +--------+--------+--------+--------+--------+-----+--------+
         Total |   5351 |   5159 |    192 |    470 |   3913 |   7 |  764.4 |
       Dungeon |   5351 |   5159 |    192 |    470 |   3913 |   7 |  764.4 |
               +--------+--------+--------+--------+--------+-----+--------+

Top non-repeatable levels by time:
     D:1: 1404 daAuts
     D:6: 1383 daAuts
     D:4: 824 daAuts
     D:5: 677 daAuts
     D:2: 522 daAuts
     D:3: 494 daAuts
     D:7: 45 daAuts
